 Dungeon Crawl Stone Soup version 0.25-a0-591-g2ad0d86 (webtiles) character file.

Game seed: 9289764154116699775, levelgen mode: deterministic

45 Faca the Vandal (level 3, -9/25 HPs)
             Began as a Halfling Hunter on Mar 14, 2020.
             Killed by nerve-wracking pain
             ... invoked by Jessica
              (11 damage)
             ... on level 2 of the Dungeon.
             The game lasted 00:02:41 (1129 turns).

Faca the Vandal (Halfling Hunter)                   Turns: 1129, Time: 00:02:41

Health: -9/25      AC:  6    Str: 14    XL:     3   Next: 90%
Magic:  3/3        EV: 13    Int:  9    God:
Gold:   49         SH:  0    Dex: 17    Spells: 2/2 levels left

rFire    . . .     SeeInvis .   b - +0 short sword
rCold    . . .     Gourm    .   (shield restricted)
rNeg     . . .     Faith    .   l - +0 ring mail
rPois    .         Spirit   .   (no helmet)
rElec    .         Reflect  .   i - +0 cloak
rCorr    .         Harm     .   (no gloves)
MR       .....     Rnd*Tele +   (no boots)
Stlth    +.........             (no amulet)
HPRegen  0.08/turn              h - ring of teleportation (curse)
MPRegen  0.08/turn              k - +3 ring of dexterity

@: no status effects
A: small, mutation resistance 1
a: no special abilities


You were on level 2 of the Dungeon.
You were hungry.

You visited 1 branch of the dungeon, and saw 2 of its levels.

You collected 49 gold pieces.

Inventory:

Hand Weapons
 a - a +1 hunting sling
 b - a +0 short sword (weapon)
Missiles
 d - 20 sling bullets
 j - 26 stones (quivered)
Armour
 i - a +0 cloak (worn)
 l - a +0 ring mail (worn)
Jewellery
 h - a cursed ring of teleportation (left hand)
 k - a +3 ring of dexterity (right hand)
Potions
 c - a potion of degeneration {unknown}
 e - a potion of ambrosia {unknown}
 g - 2 potions of stabbing
 n - a potion of experience {unknown}
Comestibles
 f - 5 rations


   Skills:
 + Level 2.8 Fighting
 + Level 6.8 Slings
 - Level 2.1 Dodging
 - Level 1.1 Stealth


You had 2 spell levels left.
You didn't know any spells.
Your spell library was empty.

Dungeon Overview and Level Annotations

Branches:
Dungeon (2/15)

Altars:

Annotations:
D:2 Jessica


Innate Abilities, Weirdness & Mutations

You are small and have problems with some larger weapons.
You are somewhat resistant to further mutation.


Message History

Jessica is almost dead.
Jessica points at you and mumbles some strange words.
Pain shoots through your body! Jessica hits you.
You hit Jessica but do no damage.
Jessica is almost dead.
Jessica gestures at you while chanting. Pain shoots through your body!
* * * LOW HITPOINT WARNING * * *
You barely miss Jessica.
Jessica is almost dead.
Jessica gestures at you while chanting. You resist with some effort.
Jessica points at you and mumbles some strange words.
You barely resist. You hit Jessica.
Jessica is almost dead.
Jessica completely misses you. Jessica casts a spell at you.
Pain shoots through your body!
You die...

#...# .# #...# .#
#...######.####.#
#................
#####....####.###.#.
...............##.# .
.........>......#.# ...
................#.#..##.
#####....####.#.@@......
.# #........<#.........
[# #...#######..##..#.#
.# #...# #..# .#
.####...# #... #
........# ##...
..###...# #... ..# #.#
#..... ......# # #.#


You could see Jessica.

Vanquished Creatures
  An ooze (D:1)
  2 dart slugs
  A ball python (D:1)
  5 bats
  A giant cockroach (D:1)
  5 goblins (D:1)
  3 hobgoblins
  4 kobolds (D:1)
  3 frilled lizards
  12 rats
37 creatures vanquished.

Notes
Turn   | Place    | Note
-------+----------+-------------------------------------------
     0 | D:1      | Faca the Halfling Hunter began the quest for the Orb.
     0 | D:1      | Reached XP level 1. HP: 14/14 MP: 1/1
    27 | D:1      | Reached skill level 6 in Slings
   194 | D:1      | Reached XP level 2. HP: 19/19 MP: 2/2
   328 | D:1      | Reached XP level 3. HP: 13/25 MP: 3/3
  1115 | D:2      | Noticed Jessica
  1129 | D:2      | Killed from afar by Jessica

Levels and vault maps discovered:
D:1:      eino_arrival_cavern_a, layout_basic
D:2:      layout_loops_cross, first_ration, minmay_rat_gold_closets,
          uniq_jessica

Skill      XL: |  1 |
---------------+----+-----
Fighting       | 2 |  2.8
Slings         | 6 |  6.8
Dodging        | |  2.1
Stealth        | |  1.1

Action                   || total
-------------------------++-------
Melee: Short sword       ||   100
 Fire: Hunting sling     ||    13
  Use: Scroll            ||     4
 Stab: Sleeping          ||     4
Armor: Leather armour    ||     4
       Ring mail         ||    36
Dodge: Dodged            ||    80

Table legend:
 A = Non-vault XP
 B = Vault XP
 C = Vault XP percentage of total XP
 D = Non-vault monster count
 E = Vault monster count
 F = Vault count percentage of total count
                 A         B        C        D         E       F
            +---------+---------+-------+---------+---------+-------
      Total |      56 |       9 |  13.8 |      28 |       9 |  24.3
            +---------+---------+-------+---------+---------+-------
        D:1 |      44 |       0 |   0.0 |      22 |       0 |   0.0
        D:2 |      12 |       9 |  42.9 |       6 |       9 |  60.0
            +---------+---------+-------+---------+---------+-------
